 Dungeon Crawl Stone Soup version 0.28.0 (webtiles) character file.

Game seed: 17861814893619504186

77 apoch the Shield-Bearer (level 4, 0/41 HPs)
             Began as a Minotaur Fighter on Feb 4, 2022.
             Slain by Sigmund (10 damage)
             ... on level 3 of the Dungeon.
             The game lasted 00:05:18 (1988 turns).

apoch the Shield-Bearer (Minotaur Fighter)          Turns: 1988, Time: 00:05:19

Health: 0/41       AC:  7    Str: 22    XL:     4   Next: 13%
Magic:  3/3        EV:  9    Int:  5    God:
Gold:   141        SH:  0    Dex: 10    Spells: 3/3 levels left

rFire   . . .      SeeInvis .   a - +0 war axe
rCold   . . .      Faith    .   f - +2 buckler
rNeg    . . .      Spirit   .   b - +0 scale mail
rPois   .          Reflect  .   (helmet restricted)
rElec   .          Harm     .   (no cloak)
rCorr   .          Rampage  .   (no gloves)
Will    .....                   (no boots)
Stlth   ..........              (no amulet)
HPRegen 0.13/turn               (no ring)
MPRegen 0.08/turn               (no ring)

@: confused
A: horns 2, retaliatory headbutt
a: no special abilities


You were on level 3 of the Dungeon.
You visited 1 branch of the dungeon, and saw 3 of its levels.

You collected 141 gold pieces.

Inventory:

Hand Weapons
 a - a +0 war axe (weapon)
Missiles
 n - 3 javelins (quivered)
Armour
 b - a +0 scale mail (worn)
 f - a +2 buckler (worn)
Scrolls
 h - a scroll of amnesia {unknown}
 j - 2 scrolls of silence {unknown}
 m - a scroll of brand weapon {unknown}
 o - a scroll of blinking {unknown}
 p - a scroll of identify {unknown}
 q - a scroll of fog {unknown}
 r - a scroll of enchant weapon {unknown}
Potions
 c - a potion of brilliance {unknown}
 d - a potion of might
 e - a potion of mutation {unknown}
 g - 2 potions of ambrosia {unknown}
 i - a potion of curing {unknown}
 k - 2 potions of heal wounds {unknown}
 l - 2 potions of degeneration {unknown}


   Skills:
 + Level 4.3 Fighting
 + Level 3.4 Axes
 + Level 4.3 Armour
 + Level 4.3 Shields


You had 3 spell levels left.
You didn't know any spells.
Your spell library was empty.

Dungeon Overview and Level Annotations

Branches:
Dungeon (3/15)

Altars:

Shops:
D:1 :

Annotations:
D:3 Sigmund


Innate Abilities, Weirdness & Mutations

You have a pair of horns on your head.
You reflexively headbutt those who attack you in melee.


Message History

The endoplasm quivers.
You throw a javelin.
The javelin pierces through the endoplasm!
You kill the endoplasm!
n - 3 javelins (gained 1) As you open the door, it creaks loudly!
Sigmund the Dreaded comes into view.
He is wielding a +0 scythe.
Sigmund is nearby!
Sigmund is nearby!
You close the door.
Sigmund opens the door.
Sigmund closely misses you.
There is an open door here.
You barely miss Sigmund. Sigmund casts a spell at you.
The puff of flame hits you.
You hit Sigmund.
Sigmund is moderately wounded.
Sigmund hits you but does no damage.
You barely miss Sigmund.
Sigmund is moderately wounded.
Sigmund gestures wildly while chanting.
Sigmund flickers and vanishes!
Deactivating autopickup; reactivate with Ctrl-A.
You slash something! Your headbutt misses something.
You hear some strange, mumbled words.
Something tries to affect you, but you resist.
Something hits you!
You miss something. Your headbutt misses something.
Something hits you but does no damage.
You slash something! You barely miss something. Something hits you.
You barely miss something. Something hits you!
You miss something. Your headbutt misses something.
You hear some strange, mumbled words.
You are confused.
Something hits you.
* * * LOW HITPOINT WARNING * * *
You closely miss something. Something hits you!
You die...

######## #......#
#.####.# #@# #.#
......{....#.#
...........#.#### ######
...........#....# #.....
...........####.###.#...
...........+..........##
...........####.#.......
.#.####..### #..#.#.#.#.
#.##.#.#.#.


There were no monsters in sight!

Vanquished Creatures
  2 adders (D:2)
  A worm (D:2)
  3 dart slugs
  An orc (D:2)
  A ball python (D:1)
  8 endoplasms
  8 goblins
  2 hobgoblins (D:2)
  3 jackals (D:1)
  5 kobolds
  A quokka (D:1)
  4 bats
  4 frilled lizards
  4 rats
47 creatures vanquished.

Vanquished Creatures (others)
  2 plants (D:3)
2 creatures vanquished.

Grand Total: 49 creatures vanquished

Notes
Turn   | Place    | Note
-------+----------+-------------------------------------------
     0 | D:1      | apoch the Minotaur Fighter began the quest for the Orb.
     0 | D:1      | Reached XP level 1. HP: 19/19 MP: 0/0
   126 | D:1      | Reached XP level 2. HP: 21/27 MP: 1/1
   590 | D:1      | Reached XP level 3. HP: 29/33 MP: 2/2
   838 | D:1      | Found a faded altar of an unknown god.
   867 | D:1      | Found Jigram's Book Emporium.
  1671 | D:2      | Reached XP level 4. HP: 40/40 MP: 3/3
  1971 | D:3      | Noticed Sigmund
  1988 | D:3      | Slain by Sigmund

Illustrated notes

Levels and vault maps discovered:
D:1:      ncdulo_halloftheorcs, layout_loops_ring,
          ebering_ecumenical_altar_hall, serial_shops, nicolae_shop_stone,
          chequers_serial_rivers_micro_a
D:2:      layout_rooms, grunt_ministairs_5
D:3:      minmay_evil_eye, layout_basic, tso_oasis_becter,
          ebering_ghost_sewer_f, uniq_sigmund

Skill      XL: |  1  2 |
---------------+-------+-----
Shields        | 4 |  4.3
Fighting       | 4 |  4.3
Armour         | 4 |  4.3
Axes           | 3 |  3.4

Action                   |  1- 3 |  4- 6 || total
-------------------------+-------+-------++-------
Melee: War axe           |    77 |    14 ||    91
       Headbutt          |    12 |     1 ||    13
Throw: Javelin           |    29 |     3 ||    32
Armor: Scale mail        |    32 |     3 ||    35
Dodge: Dodged            |    35 |     1 ||    36
Block: Buckler           |    28 |       ||    28
